 Dungeon Crawl Stone Soup version 0.25.1-2-g60ff931df9 (webtiles) character file.

Game seed: 9180893432261957653

310 funkygono the Shield-Bearer (level 6, -11/53 HPs)
             Began as a Minotaur Fighter on Nov 4, 2020.
             Killed by divine providence
             ... invoked by an orc priest
              (13 damage)
             ... on level 4 of the Dungeon.
             The game lasted 00:06:50 (2766 turns).

funkygono the Shield-Bearer (Minotaur Fighter)      Turns: 2766, Time: 00:06:50

Health: -11/53     AC: 11    Str: 21    XL:     6   Next: 17%
Magic:  5/5        EV:  6    Int:  5    God:
Gold:   130        SH: 10    Dex: 11    Spells: 5/5 levels left

rFire    + . .     SeeInvis .   a - +0 flail
rCold    . . .     Gourm    .   c - +0 kite shield
rNeg     . . .     Faith    .   r - +0 chain mail
rPois    .         Spirit   .   (helmet restricted)
rElec    .         Reflect  .   (no cloak)
rCorr    .         Harm     .   (no gloves)
MR       .....                  h - +0 pair of boots
Stlth    ..........             t - amulet of inaccuracy (curse)
HPRegen  0.17/turn              p - ring of flight
MPRegen  0.09/turn              q - ring of protection from fire

@: no status effects
A: retaliatory headbutt, horns 2
a: Evoke Flight


You were on level 4 of the Dungeon.
You were not hungry.

You visited 1 branch of the dungeon, and saw 4 of its levels.

You collected 130 gold pieces.

Inventory:

Hand Weapons
 a - a +0 flail (weapon)
 b - a +0 hunting sling
 v - a +2 long sword of draining
Missiles
 i - 6 silver javelins (quivered)
 j - 98 stones
 l - 36 sling bullets
 n - 47 arrows
 s - 11 poisoned darts
 w - 16 bolts
Armour
 c - a +0 kite shield (worn)
 h - a +0 pair of boots (worn)
 r - a +0 chain mail (worn)
Jewellery
 o - an uncursed amulet of regeneration
 p - a ring of flight (left hand)
 q - a ring of protection from fire (right hand)
 t - a cursed amulet of inaccuracy (around neck)
Scrolls
 k - a scroll of identify
Potions
 d - a potion of might
 e - a potion of magic
 m - a potion of curing
 u - a potion of lignification
Comestibles
 f - 5 rations


   Skills:
 + Level 4.6 Fighting
 + Level 4.2 Maces & Flails
 + Level 4.9 Armour
 + Level 2.0 Dodging
 + Level 0.3 Stealth
 + Level 5.5 Shields


You had 5 spell levels left.
You didn't know any spells.
Your spell library was empty.

Dungeon Overview and Level Annotations

Branches:
Dungeon (4/15)             Temple (0/1) D:4

Altars:
Okawaru
Qazlal

Annotations:
D:4 Grinder


Innate Abilities, Weirdness & Mutations

You reflexively headbutt those who attack you in melee.
You have a pair of horns on your head.


Message History

* * * LOW HITPOINT WARNING * * *
You feel sick.
You feel better.
The orc throws a boomerang.
You block the boomerang.
The weapon returns to the orc!
The orc hits you with a +2 whip of venom.
* * * LOW HITPOINT WARNING * * *
The orc priest calls down the wrath of Beogh upon you.
Beogh smites you!
* * * LOW HITPOINT WARNING * * *
The orc priest begins to cast a cantrip, but forgets the words!
You sock the orc!
You kill the orc!
The orc priest casts a cantrip, but nothing happens.
You miss the orc.
Grinder blinks!
You block the orc's attack.
Your chain mail prevents you from hitting the orc.
The orc hits you but does no damage.
You miss the orc. The orc hits you but does no damage.
The orc priest calls down the wrath of Beogh upon you.
Beogh smites you!
You die...

####.....#.#....≈...≈....#
......##...#.≈...........#
...<..##.####............#
......#..# ###.##.#######
......#.## #.#..# ##
##....## #...## #..<...#
##.## #.####.# #.# #.. .#
#@# #. .# #o# #. #.# #o#
### . #.######w###.# ..
####............#
......#####o##..#
#.........#.##.##
....[#......#.#
#..5....5....#


You could see a worm, an orc priest and 2 orcs.

Vanquished Creatures
  Sigmund (D:2)
  Terence (D:2)
  3 adders
  An ooze (D:1)
  4 worms
  3 dart slugs (D:1)
  2 leopard geckos
  2 orcs
  4 giant cockroaches
  9 goblins
  12 hobgoblins
  3 kobolds
  3 quokkas (D:2)
  3 ball pythons
  13 bats
  5 frilled lizards
  6 rats
75 creatures vanquished.

Notes
Turn   | Place    | Note
-------+----------+-------------------------------------------
     0 | D:1      | funkygono the Minotaur Fighter began the quest for the Orb.
     0 | D:1      | Reached XP level 1. HP: 19/19 MP: 0/0
    90 | D:1      | Reached XP level 2. HP: 25/27 MP: 1/1
   188 | D:1      | Reached skill level 4 in Shields
   342 | D:1      | Reached XP level 3. HP: 33/33 MP: 2/2
   959 | D:2      | Found a faded altar of an unknown god.
  1030 | D:2      | Reached XP level 4. HP: 40/40 MP: 3/3
  1166 | D:2      | Noticed Sigmund
  1200 | D:2      | Reached skill level 1 in Dodging
  1202 | D:2      | Killed Sigmund
  1202 | D:2      | Reached skill level 5 in Shields
  1202 | D:2      | Reached XP level 5. HP: 26/46 MP: 4/4
  1431 | D:2      | Noticed Terence
  1454 | D:2      | Killed Terence
  1454 | D:2      | Reached XP level 6. HP: 43/53 MP: 5/5
  2009 | D:3      | Found an iron altar of Okawaru.
  2691 | D:4      | Found a stormy altar of Qazlal.
  2732 | D:4      | Found a staircase to the Ecumenical Temple.
  2745 | D:4      | Noticed Grinder
  2760 | D:4      | HP: 1/53 [orc priest/divine providence (10)]
  2766 | D:4      | Killed from afar by an orc priest

Illustrated notes

Levels and vault maps discovered:
D:1:      psy_arrival_terrarium, layout_rooms
D:2:      layout_basic, first_ration, chequers_ecumenical_altar_simple_redux,
          minmay_goblin_outpost, uniq_sigmund, uniq_terence
D:3:      layout_loops_corners, okawaru_ov_weapons_minmay
D:4:      layout_rooms, chequers_temple_overflow_minitemple,
          nicolae_qazlal_general_emergency, minmay_temple_entry_sparse_star,
          minmay_misc_feat_columns, uniq_grinder

Skill      XL: |  1  2  3  4 |
---------------+-------------+-----
Armour         | 4 |  4.9
Shields        | 4 5 |  5.5
Maces & Flails | 3 4 |  4.2
Fighting       | 4 |  4.6
Dodging        | 2 |  2.0
Stealth        | |  0.3

Action                   |  1- 3 |  4- 6 || total
-------------------------+-------+-------++-------
Melee: Flail             |   104 |   124 ||   228
       Headbutt          |    14 |    18 ||    32
 Fire: Hunting sling     |       |     5 ||     5
Throw: Javelin           |     5 |     5 ||    10
 Abil: Evoke Flight      |       |     1 ||     1
  Use: Scroll            |     2 |     3 ||     5
       Potion            |       |     1 ||     1
  Eat: Chunk             |     1 |     5 ||     6
Armor: Scale mail        |    54 |    23 ||    77
       Chain mail        |       |    39 ||    39
Dodge: Dodged            |    36 |    30 ||    66
Block: Kite shield       |    84 |    67 ||   151
